 Dungeon Crawl Stone Soup version 0.30-a0-335-ge5acde7520 (webtiles) character file.

Game seed: 13969988260331850482

625 p00ps00p the Fighter (level 7, -4/108 HPs)
             Began as a Hill Orc Fighter on Oct 31, 2022.
             Slain by Blork the orc
             ... wielding a +0 battleaxe
              (9 damage)
             ... on level 4 of the Dungeon.
             The game lasted 00:08:07 (2706 turns).

p00ps00p the Fighter (Hill Orc Fighter)             Turns: 2706, Time: 00:08:08

Health: -4/108     AC: 23    Str: 19    XL:     7   Next: 47%
Magic:  7/7        EV:  2    Int:  8    God:
Gold:   123        SH:  4    Dex: 12    Spells: 6/6 levels left

rFire   . . .      SeeInvis .    a - +0 war axe (flame)
rCold   . . .      Faith    .    c - +0 buckler
rNeg    . . .      Spirit   .    (body armour currently unavailable)
rPois   +          Reflect  .    (helmet currently unavailable)
rElec   .          Harm     .    (cloak currently unavailable)
rCorr   .          Rampage  .    (gloves currently unavailable)
Will    .....      NoTele   +    (boots currently unavailable)
Stlth   +.........               (no amulet)
HPRegen 0.38/turn                (no ring)
MPRegen 0.10/turn                (no ring)

@: tree-form
A: stationary, stasis, torment immunity, boosted hp
a: no special abilities


You were on level 4 of the Dungeon.
You were a tree.
You visited 1 branch of the dungeon, and saw 4 of its levels.

You collected 123 gold pieces.

Inventory:

Hand Weapons
 a - a +0 war axe of flaming (weapon)
Missiles
 n - 6 boomerangs (quivered)
 q - 2 poisoned darts
Armour
 b - a +1 scale mail (melded)
 c - a +0 buckler (worn)
Scrolls
 i - a scroll of magic mapping
 k - a scroll of identify
Potions
 d - a potion of cancellation {unknown}
 g - a potion of degeneration
 h - a potion of flight
 j - a potion of heal wounds {unknown}
 l - a potion of lignification
 r - a potion of curing {unknown}


   Skills:
 + Level 10.1 Fighting
 - Level 2.6 Axes
 - Level 3.2 Armour
 - Level 3.2 Shields


You had 6 spell levels left.
You didn't know any spells.
Your spell library contained the following spells:

 Spells                   Type           Power      Damage    Failure   Level
 Kiss of Death            Conj/Necr      0%         2d5       50%         1
 Confusing Touch          Hex            0%         N/A       86%         3
 Dispel Undead            Necr           0%         3d6       99%         4


Dungeon Overview and Level Annotations

Branches:
Dungeon (4/15)
 Temple: D:4-7

Altars:

Annotations:
D:4 Blork the orc


Message History

Items here: )) ††.
Blork the orc points at you and mumbles some strange words.
The puff of frost hits you. Blork the orc closely misses you.
You completely miss Blork the orc.
Blork the orc is moderately wounded.
Blork the orc hits you with a +0 battleaxe!
* * * LOW HITPOINT WARNING * * *
Blork the orc hits you with a +0 battleaxe!
* * * LOW HITPOINT WARNING * * *
You barely miss Blork the orc.
Blork the orc is moderately wounded.
Blork the orc barely misses you.
Blork the orc hits you with a +0 battleaxe.
* * * LOW HITPOINT WARNING * * *
You slash Blork the orc! You burn Blork the orc.
Blork the orc is heavily wounded.
You block Blork the orc's attack.
Blork the orc looks angry.
You block Blork the orc's attack.
You barely miss Blork the orc.
Blork the orc is heavily wounded.
Blork the orc casts a spell at you. The magic dart hits you!
* * * LOW HITPOINT WARNING * * *
An orc comes into view. It is wielding a +0 club.
Blork the orc hits you with a +0 battleaxe.
* * * LOW HITPOINT WARNING * * *
Really quaff the potion of lignification?
You turn into a tree.
Your +1 scale mail melds into your body.
Your roots penetrate the ground.
Blork the orc hits you but does no damage.
Blork the orc looks braver for a moment.
You closely miss Blork the orc.
Blork the orc is heavily wounded.
You closely miss the orc. The orc hits you but does no damage.
Blork the orc hits you but does no damage.
The orc hits you but does no damage.
Blork the orc hits you with a +0 battleaxe!
You die...

,,,,,,,,,,,,,,,,,,,,,>* *,* *
,,,,,,,,,,,*******##*,*******,* *
,,,,,,,,,,,* **#.,,,,,.,,,,,***
****,,.,,,,**###,.,,,,,..,,,,,,**
,,,*,,..,,,,,..#.#,,<,...,,,,,,,,
,,,*,,...,,**#.#.#,,,....,,,,,,**
,,,*,,....,* #...#,,...?.,,,,,,*
,,,*,,.....###.####......,,,,,,*
,,,***#.........♣o.......,,,,,,*
,,,* *.#####.##o##......,,,,,,*
,,,* *,* #...#.#*,.....,,,,,,*
,,,****,* #...#.#*,,....,,,,,,*
,,,+,,,,* *#...#.#*,,,...,,,,,,*
,,,****** #..#.#.#*,,,,o.,,,,,,*
+*********#..#)#.#*,,,,,o,,,,,,*
,**,,,,,,....#.#.#*,,,,,,,,,,,,*
,**,,,,*####.#.#.#*,,,,,,,,,,,,*


You could see Blork the orc (fast) and an orc.

Vanquished Creatures
  Pikel (D:3)
  A howler monkey (D:3)
  A jelly (D:3)
  An orc wizard (D:4)
  3 adders
  A worm (D:2)
  2 dart slugs
  5 orcs (D:4)
  4 bats
  6 endoplasms
  A giant cockroach (D:4)
  5 goblins
  5 hobgoblins
  12 jackals
  3 quokkas
  11 ball pythons
  3 frilled lizards
  6 kobolds
  7 rats
78 creatures vanquished.

Notes
Turn   | Place    | Note
-------+----------+-------------------------------------------
     0 | D:1      | p00ps00p the Hill Orc Fighter began the quest for the Orb.
     0 | D:1      | Reached XP level 1. HP: 19/19 MP: 1/1
    97 | D:1      | Reached skill level 4 in Fighting
   109 | D:1      | Reached XP level 2. HP: 27/27 MP: 2/2
   214 | D:1      | Reached XP level 3. HP: 30/35 MP: 3/3
   216 | D:1      | Reached skill level 5 in Fighting
  1606 | D:2      | Reached XP level 4. HP: 44/44 MP: 4/4
  1789 | D:2      | Reached skill level 6 in Fighting
  1862 | D:3      | Found a faded altar of an unknown god.
  1990 | D:3      | Reached XP level 5. HP: 41/51 MP: 5/5
  2096 | D:3      | Reached skill level 7 in Fighting
  2404 | D:4      | Noticed a lemure
  2410 | D:4      | Noticed a lemure
  2410 | D:4      | Noticed Pikel
  2413 | D:4      | Noticed a lemure
  2417 | D:4      | Noticed a lemure
  2420 | D:4      | Noticed an ogre
  2434 | D:3      | Paralysed by Pikel for 5 turns
  2468 | D:3      | Killed Pikel
  2469 | D:3      | Reached skill level 9 in Fighting
  2469 | D:3      | Reached XP level 6. HP: 21/66 MP: 6/6
  2469 | D:3      | Reached XP level 7. HP: 22/71 MP: 7/7
  2640 | D:4      | Reached skill level 10 in Fighting
  2683 | D:4      | Noticed Blork the orc
  2704 | D:4      | HP: 3/72 [Blork the orc/+0 battleaxe (1)]
  2706 | D:4      | Slain by Blork the orc

Illustrated notes

Levels and vault maps discovered:
D:1:      minmay_arrival_solitary_statue, layout_loops_ring,
          minmay_fountain_box, columned_hall_lemuel
D:2:      layout_basic, wad_floor_pattern_2
D:3:      layout_rooms, hellmonk_ecumenical_altar_dog_temple
D:4:      layout_basic, uniq_blork_the_orc, uniq_pikel

Skill      XL: |  1  2  3  4  5  6  7 |
---------------+----------------------+-----
Fighting       | 4 5 6 9 10 | 10.1
Axes           | |  2.6
Armour         | |  3.2
Shields        | |  3.2

Action                   |  1- 3 |  4- 6 |  7- 9 || total
-------------------------+-------+-------+-------++-------
Melee: War axe           |    95 |    58 |    31 ||   184
Evoke: Wand              |       |     3 |       ||     3
  Use: Scroll            |     4 |    10 |     2 ||    16
       Potion            |       |     1 |     1 ||     2
Armor: Scale mail        |    50 |    45 |    10 ||   105
       Skin              |       |       |     4 ||     4
Dodge: Dodged            |    55 |    34 |    12 ||   101
Block: Buckler           |    27 |    25 |     5 ||    57

Table legend: (Time is in decaauts)
 A = Elapsed time spent in this place.
 B = Non-inter-level travel time spent in this place.
 C = Inter-level travel time spent in this place.
 D = Time resting spent in this place.
 E = Time spent auto-exploring this place.
 F = Levels seen in this place.
 G = Mean time per level.
                   A        B        C        D        E       F      G
               +--------+--------+--------+--------+--------+-----+--------+
         Total |   2782 |   2711 |     71 |    362 |   1673 |   4 |  695.5 |
       Dungeon |   2782 |   2711 |     71 |    362 |   1673 |   4 |  695.5 |
               +--------+--------+--------+--------+--------+-----+--------+

Top non-repeatable levels by time:
     D:1: 1144 daAuts
     D:3: 770 daAuts
     D:2: 751 daAuts
     D:4: 115 daAuts
